 Dungeon Crawl Stone Soup version 0.19-a0-1932-g59670f6 (webtiles) character file.

415 Goblin1989 the Poker (level 6, -6/47 HPs)
             Began as a Demonspawn Skald on Oct 25, 2016.
             Killed by divine providence
             ... invoked by an orc priest
              (9 damage)
             ... on level 4 of the Dungeon.
             The game lasted 00:14:55 (4218 turns).

Goblin1989 the Poker (Demonspawn Skald)             Turns: 4218, Time: 00:14:56

Health: -6/47      AC: 10    Str: 14    XL:     6   Next: 60%
Magic:  9/9        EV:  9    Int: 19    God:
Gold:   213        SH:  0    Dex: 12    Spells: 4 memorised, 0 levels left

rFire  . . .     SeeInvis .     a - +0 trident
rCold  . . .     Gourm    +     t - +0 scale mail
rNeg   . . .     Faith    .     (no shield)
rPois  .         Spirit   .     (helmet restricted)
rElec  .         Reflect  .     n - +1 cloak
rCorr  .         Harm     .     (no gloves)
MR     .....                    j - +1 pair of boots
Stlth  ..........               E - amulet of the gourmand
                                (no ring)
                                (no ring)

@: brilliant, flying, slowed, very slow
A: antennae 1, powered by death 1
a: no special abilities


You were on level 4 of the Dungeon.
You were very full.

You visited 1 branch of the dungeon, and saw 4 of its levels.

You collected 213 gold pieces.

Inventory:

Hand Weapons
 a - a +0 trident (weapon)
 w - a +0 blowgun {@w1}
Missiles
 y - 5 curare-tipped needles
Armour
 b - a +0 leather armour
 j - a +1 pair of boots (worn)
 n - a +1 cloak (worn)
 t - a +0 scale mail (worn)
Jewellery
 E - an amulet of the gourmand (around neck)
Scrolls
 e - 2 scrolls of magic mapping {unknown}
 f - 2 scrolls of teleportation {unknown}
 g - 4 scrolls of remove curse {unknown}
 h - 2 scrolls of enchant weapon {unknown}
 l - 2 scrolls of random uselessness {unknown}
 m - 3 scrolls of enchant armour {unknown}
 q - 2 scrolls of identify {unknown}
 v - 2 scrolls of recharging {unknown}
 A - a scroll of fog {unknown}
Potions
 i - 3 potions of might {unknown}
 k - a potion of haste {unknown}
 r - a potion of ambrosia {unknown}
 u - 2 potions of degeneration {unknown}
 x - a potion of heal wounds {unknown}
 z - 2 potions of curing {@q1}
 D - a potion of brilliance
Books
 c - a book of Battle

   Spells                             Type                      Level
   a - Infusion                       Charms                       1
   b - Shroud of Golubria             Charms/Translocation         2
   c - Song of Slaying                Charms                       2
   d - Spectral Weapon                Hexes/Charms                 3
   e - Regeneration                   Charms/Necromancy            3
Comestibles
 d - 3 bread rations {@e1}
 s - 5 fruits
 B - 3 meat rations {@e2}
 C - a slice of pizza


   Skills:
 + Level 3.2 Fighting
 * Level 5.7 Polearms
 + Level 2.0 Armour
 - Level 0.8 Dodging
 - Level 2.0 Spellcasting
 - Level 2.6 Charms


You couldn't memorise any spells.
You knew the following spells:

 Your Spells              Type           Power        Failure   Level  Hunger
a - Infusion              Chrm           ###.         3%          1    #......
y - Song of Slaying       Chrm           ###.....     4%          2    ###....
R - Regeneration          Chrm/Necr      ###.......   28%         3    ###....
W - Spectral Weapon       Hex/Chrm       ###.....     28%         3    ###....


Dungeon Overview and Level Annotations

Branches:
Dungeon (4/15)
 Temple: D:4-7

Altars:
Okawaru

Annotations:
D:3 dobroeutro's ghost, amateur GrHu


Innate Abilities, Weirdness & Mutations

You have a pair of small antennae on your head.
You regenerate a little health from kills.


Message History

The orc priest barely misses you.
A quokka comes into view.
You regained 6 hp, and now have 9/47 hp.
It was a potion of brilliance.
You feel clever all of a sudden.
The orc wizard gestures wildly while chanting.
The orc wizard blinks!
The orc priest hits you with a dagger of speed.
* * * LOW HITPOINT WARNING * * *
The orc priest barely misses you.
You take 1 damage, and have 8/47 hp.
It was a potion of flight.
You feel very buoyant.
You fly up into the air.
The orc wizard casts a spell at you. The magic dart hits you!
* * * LOW HITPOINT WARNING * * *
The orc priest invokes the aid of Beogh against you.
Beogh smites you!
You die...

█.█ ███.████████
█........... █
█.█.████████
...█.██.█)█████████.
..........).........
....██)████o██████
███████████.█ █§█
........)...█ █@█


█████████████ █o█ ........██ █o█ ███████..█ ████o████ ██.██ █...r...█ ▲▲█ █..█
█.██.████ ≈..≈ ██.█ █.██.█ .(... █.███.██.████≈.Ψ█ █..██.......o..█ You could
see an orc priest, an orc wizard, 2 orcs and a quokka.

Vanquished Creatures
  A slave (D:3)
  A scorpion (D:4)
  A centaur skeleton (D:4)
  2 orc priests (D:4)
  4 orc wizards
  A worker ant (D:4)
  4 adders
  2 worms
  4 dart slugs
  4 leopard geckos
  10 orcs
  A ball python (D:2)
  4 giant cockroaches
  10 goblins
  5 hobgoblins
  7 kobolds
  3 quokkas
  8 bats
  10 frilled lizards
  A leopard gecko skeleton (D:4)
  A quokka skeleton (D:4)
  8 rats
92 creatures vanquished.

Notes
Turn   | Place    | Note
-------+----------+-------------------------------------------
     0 | D:1      | Goblin1989 the Demonspawn Skald began the quest for the Orb.
     0 | D:1      | Reached XP level 1. HP: 16/16 MP: 3/3
    21 | D:1      | Reached skill level 2 in Polearms
   118 | D:1      | Gained mutation: You regenerate a little health from kills. [demonic ancestry]
   118 | D:1      | Reached XP level 2. HP: 20/22 MP: 5/5
   365 | D:1      | Reached skill level 3 in Polearms
   681 | D:2      | Reached XP level 3. HP: 27/27 MP: 6/6
  1280 | D:2      | Gained mutation: You have a pair of small antennae on your head. [demonic ancestry]
  1280 | D:2      | Reached XP level 4. HP: 27/33 MP: 7/7
  1433 | D:2      | Found an iron altar of Okawaru.
  1438 | D:2      | Reached skill level 4 in Polearms
  2019 | D:3      | Reached XP level 5. HP: 18/38 MP: 8/8
  2307 | D:3      | Noticed dobroeutro's ghost (amateur GrHu)
  2466 | D:2      | Reached skill level 1 in Armour
  3092 | D:4      | Reached skill level 5 in Polearms
  3184 | D:4      | Noticed a slave
  3213 | D:3      | Killed a slave
  3445 | D:4      | Reached XP level 6. HP: 24/46 MP: 9/9
  3620 | D:4      | Learned a level 2 spell: Song of Slaying
  3624 | D:4      | Learned a level 3 spell: Regeneration
  3628 | D:4      | Learned a level 3 spell: Spectral Weapon
  4218 | D:4      | Killed from afar by an orc priest

Vault maps used:
D:1:      tarquinn_simple_flora_water_d
D:2:      lemuel_round_altar, first_bread
D:3:      minmay_misc_feat_more_columns
D:4:      minmay_statues_item, minivault_5, kennysheep_generic_room_6,
          uniq_grinder, uniq_pikel

Skill      XL: |  1  2  3  4  5  6 |
---------------+-------------------+-----
Polearms       | 2 3 4 5 |  5.7
Armour         | 1 2 |  2.0
Fighting       | 3 |  3.2
Dodging        | |  0.8
Spellcasting   | |  2.0
Charms         | |  2.6

Action                   |  1- 3 |  4- 6 || total
-------------------------+-------+-------++-------
Melee: Spear             |   195 |    98 ||   293
       Trident           |       |   230 ||   230
 Cast: Infusion          |     1 |       ||     1
  Use: Potion            |       |     4 ||     4
  Eat: Chunk             |     1 |    19 ||    20
Armor: Leather armour    |    52 |       ||    52
       Scale mail        |    18 |   121 ||   139
Dodge: Dodged            |    86 |   112 ||   198

Vault maps used:
D:1:      tarquinn_simple_flora_water_d
D:2:      lemuel_round_altar, first_bread
D:3:      minmay_misc_feat_more_columns
D:4:      minmay_statues_item, minivault_5, kennysheep_generic_room_6,
          uniq_grinder, uniq_pikel
